 Dungeon Crawl Stone Soup version 0.27.0-1-g7a089689b8 (webtiles) character file.

Game seed: 15208317257944452693

4190 SnakkuSnakku7 the Grappler (level 10, -7/100 HPs)
             Began as a Troll Ice Elementalist on Aug 3, 2021.
             Mangled by a hornet (9 damage)
             ... on level 8 of the Dungeon.
             The game lasted 00:08:51 (6145 turns).

SnakkuSnakku7 the Grappler (Troll Ice Elementalist) Turns: 6145, Time: 00:08:52

Health: -7/100     AC:  4    Str: 15      XL:     10   Next: 8%
Magic:  10/10      EV: 10    Int: 12 (17) God:
Gold:   316        SH:  0    Dex: 12 (13) Spells: 10/11 levels left

rFire    + . .     SeeInvis .     - Unarmed
rCold    x . .     Faith    .   (no shield)
rNeg     . . .     Spirit   .   a - +0 robe
rPois    +         Reflect  .   (helmet restricted)
rElec    +         Harm     .   (no cloak)
rCorr    .         Rampage  .   (gloves unavailable)
Will     +....                  (boots unavailable)
Stlth    ++........             (no amulet)
HPRegen  1.26/turn              o - ring "Eroextuf" {Fire rElec rPois Will+ Str-3}
MPRegen  0.12/turn              x - +6 ring of intelligence

@: about to teleport
A: large, unfitting armour, claws 3, regeneration 1, shaggy fur 1, tough skin 1,
deterioration 1
a: no special abilities


You were on level 8 of the Dungeon.
You visited 1 branch of the dungeon, and saw 8 of its levels.

You collected 316 gold pieces.

Inventory:

Armour
 a - a +0 robe (worn)
Jewellery
 o - the ring "Eroextuf" (left claw) {Fire rElec rPois Will+ Str-3}
   (You found it on level 4 of the Dungeon)

   [ring of fire]

   It enhances your fire magic.
   Str:       It affects your strength (-3).
   rF:        It protects you from fire.
   rC:        It makes you vulnerable to cold.
   rElec:     It insulates you from electricity.
   rPois:     It protects you from poison.
   Will:      It increases your willpower.
 x - a +6 ring of intelligence (right claw)
 y - an amulet of reflection
Scrolls
 b - a scroll of fog {unknown}
 f - a scroll of amnesia
 g - a scroll of identify
 i - a scroll of enchant armour {unknown}
 k - a scroll of brand weapon {unknown}
 l - 3 scrolls of teleportation
 n - a scroll of immolation {unknown}
 p - a scroll of blinking {unknown}
 q - 2 scrolls of fear {unknown}
 r - a scroll of magic mapping {unknown}
 s - a scroll of holy word
Potions
 c - a potion of attraction {unknown}
 d - 3 potions of curing
 e - 2 potions of cancellation {unknown}
 h - a potion of flight {unknown}
 j - 4 potions of degeneration {unknown}
 m - 2 potions of haste {unknown}
 t - a potion of resistance {unknown}
 u - a potion of brilliance {unknown}
 v - a potion of might {unknown}
 w - a potion of lignification {unknown}
 z - a potion of mutation {unknown}


   Skills:
 + Level 6.6 Fighting
 - Level 1.5 Dodging
 - Level 1.0 Stealth
 - Level 12.0 Unarmed Combat
 - Level 1.2 Spellcasting
 - Level 2.9 Ice Magic


You had 10 spell levels left.
You knew the following spells:

 Your Spells              Type           Power      Damage    Failure   Level
a - Freeze                Ice            28%        1d5       9%          1

Your spell library contained the following spells:

 Spells                   Type           Power      Damage    Failure   Level
 Frozen Ramparts          Ice            14%        1d3       26%         3
 Ozocubu's Armour         Ice            7%         N/A       26%         3
 Animate Skeleton         Necr           0%         N/A       30%         1
 Pain                     Necr           0%         1d4       30%         1
 Corpse Rot               Necr/Air       N/A        N/A       41%         2
 Poisonous Vapours        Pois/Air       0%         N/A       41%         2
 Slow                     Hex            0%         N/A       41%         2
 Sublimation of Blood     Necr           0%         N/A       41%         2
 Wereblood                Tmut           0%         N/A       41%         2
 Confusing Touch          Hex            0%         N/A       65%         3
 Vampiric Draining        Necr           0%         2d6       65%         3
 Hailstorm                Conj/Ice       4%         3d4       85%         4
 Freezing Cloud           Conj/Ice/Air   1%         6-21      99%         5
 Yara's Violent Unravell  Hex/Tmut       0%         3d3       100%        5
 Summon Hydra             Summ           0%         N/A       100%        7


Dungeon Overview and Level Annotations

Branches:
Dungeon (8/15)             Temple (0/1) D:5
   Lair: D:8-11

Altars:
Cheibriados
Makhleb
Okawaru
Sif Muna
Vehumet
Wu Jian
Yredelemnul


Innate Abilities, Weirdness & Mutations

You are too large for most types of armour.
You have claws for hands.
Your natural rate of healing is unusually fast.
You are covered in fur. (AC +1)
You have tough skin. (AC +1)
Your body sometimes deteriorates upon taking damage.


Message History

The hornet stings you!
You suddenly lose the ability to move!
The hornet stings you.
The kobold demonologist casts a spell.
The hornet stings you but does no damage.
The hornet stings you!
Your body deteriorates!
You feel clumsy.
You can move again.
You completely miss the hornet.
The hornet is moderately wounded.
The hornet stings you!
* * * LOW HITPOINT WARNING * * *
The kobold demonologist hits you with a +0 dagger.
* * * LOW HITPOINT WARNING * * *
Unknown command.
As you read the scroll labelled TASTRATHR XO IRADGH, it crumbles to dust.
It is a scroll of amnesia.
Really abort (and waste the scroll)?
Okay, then.
The hornet misses you.
The kobold demonologist hits you but does no damage.
The hornet stings you.
* * * LOW HITPOINT WARNING * * *
You feel yourself slow down.
Unknown command.
As you read the scroll labelled GUYPURCHOR DUQY, it crumbles to dust.
It is a scroll of identify.
s - a scroll of holy word The hornet stings you.
* * * LOW HITPOINT WARNING * * *
The kobold demonologist barely misses you.
The hornet closely misses you.
As you read the scroll labelled ITTETILIXE, it crumbles to dust.
You feel strangely unstable.
It was a scroll of teleportation.
You feel yourself speed up. The hornet stings you!
* * * LOW HITPOINT WARNING * * *
Your body deteriorates!
You feel dopey.
The kobold demonologist hits you but does no damage.
The hornet stings you!
You die...

####### ##...##...
#......##..#..###.
#......##.#.#.###.
#########......##).#..##..
........'.......##...###..
....... #.......##...#####
....... #.....#...#...#
.5..... #....#.#...#..#
....... #@....#.....#.#
..?....##yK##...##...####
...55K.'53.############.##
.).....##........K........
....... ###'########K.....
#'##### #.## #...... #
#..# #.K.... ######'#####
#...... #...........#
#......


You could see a kobold demonologist, a sixfirhy (summoned), a hornet and a
quasit (summoned).

Vanquished Creatures
  A two-headed ogre (D:8)
  Erica (D:8)
  2 kobold demonologists (D:8)
  Grinder (D:3)
  Sigmund (D:3)
  Edmund (D:5)
  2 water moccasins
  An ice beast (D:8)
  2 black bears
  A scorpion (D:4)
  A wyvern zombie (D:5)
  8 wights
  3 howler monkeys
  4 centaur zombies (D:6)
  3 bullfrog zombies
  A hound (D:6)
  3 jellies
  2 orc priests (D:4)
  A centaur skeleton (D:6)
  3 iguanas
  Terence (D:2)
  7 orc wizards
  Robin (D:3)
  2 adders
  2 gnolls (D:3)
  2 howler monkey skeletons (D:6)
  2 white imps
  2 ufetubi
  An adder skeleton (D:4)
  2 dart slugs (D:1)
  21 orcs
  6 bats
  7 endoplasms
  5 giant cockroaches
  14 goblins
  2 hobgoblins
  4 jackals (D:4)
  10 kobolds
  5 quokkas
  2 ball pythons
  5 frilled lizards
  4 rats
149 creatures vanquished.

Notes
Turn   | Place    | Note
-------+----------+-------------------------------------------
     0 | D:1      | SnakkuSnakku7 the Troll Ice Elementalist began the quest
                  | for the Orb.
     0 | D:1      | Reached XP level 1. HP: 16/16 MP: 1/1
    91 | D:1      | Reached skill level 1 in Unarmed Combat
   107 | D:1      | Reached XP level 2. HP: 24/24 MP: 2/2
   196 | D:1      | Reached skill level 2 in Unarmed Combat
   287 | D:1      | Found a faded altar of an unknown god.
   650 | D:1      | Reached XP level 3. HP: 29/31 MP: 3/3
   767 | D:2      | Reached skill level 3 in Unarmed Combat
  1557 | D:3      | Noticed Robin
  1657 | D:3      | Noticed Sigmund
  1827 | D:3      | Killed Robin
  1828 | D:3      | Reached XP level 4. HP: 32/39 MP: 4/4
  1838 | D:3      | Reached skill level 4 in Unarmed Combat
  1984 | D:3      | Noticed Terence
  2027 | D:2      | Killed Terence
  2061 | D:3      | Killed Sigmund
  2062 | D:3      | Reached skill level 5 in Unarmed Combat
  2062 | D:3      | Reached XP level 5. HP: 31/45 MP: 5/5
  2062 | D:3      | Reached XP level 6. HP: 36/53 MP: 6/6
  2116 | D:3      | Reached skill level 6 in Unarmed Combat
  2266 | D:3      | Noticed Grinder
  2296 | D:3      | Killed Grinder
  2297 | D:3      | Reached skill level 7 in Unarmed Combat
  2664 | D:4      | Found a burning altar of Makhleb.
  2669 | D:4      | Reached XP level 7. HP: 47/59 MP: 7/7
  2693 | D:4      | Identified the ring "Eroextuf" {Fire rElec rPois Will+
                  | Str-3}
  3163 | D:5      | Entered Level 5 of the Dungeon
  3177 | D:4      | Reached skill level 8 in Unarmed Combat
  3196 | D:5      | Found a basalt altar of Yredelemnul.
  3197 | D:5      | Found a snail-covered altar of Cheibriados.
  3289 | D:5      | Found a staircase to the Ecumenical Temple.
  3368 | D:5      | Noticed Edmund
  3441 | D:5      | Killed Edmund
  3543 | D:5      | Identified the +5 shortbow of Cetoceoj {freeze, rPois rN+}
  3613 | D:5      | Reached skill level 9 in Unarmed Combat
  3672 | D:5      | Found a shimmering blue altar of Sif Muna.
  3895 | D:6      | Reached XP level 8. HP: 67/67 MP: 8/8
  3900 | D:6      | Found an iron altar of Okawaru.
  4048 | D:6      | Reached skill level 10 in Unarmed Combat
  4828 | D:7      | Reached skill level 11 in Unarmed Combat
  5091 | D:7      | Found a radiant altar of Vehumet.
  5318 | D:8      | Reached XP level 9. HP: 50/74 MP: 9/9
  5408 | D:8      | Noticed Erica
  5423 | D:8      | Killed Erica
  5424 | D:8      | Reached skill level 12 in Unarmed Combat
  5481 | D:8      | Found an ornate altar of the Wu Jian Council.
  5556 | D:8      | Noticed a two-headed ogre
  5762 | D:8      | HP: 4/83 [two-headed ogre (31)]
  5763 | D:8      | Killed a two-headed ogre
  5764 | D:8      | Reached skill level 5 in Fighting
  5949 | D:8      | Noticed a kobold demonologist
  5950 | D:8      | Noticed a kobold demonologist
  5964 | D:8      | Noticed a red devil
  5974 | D:8      | Killed a kobold demonologist
  5975 | D:8      | Reached XP level 10. HP: 74/98 MP: 10/10
  6009 | D:8      | Noticed a sun demon
  6019 | D:8      | Gained mutation: Your body sometimes deteriorates upon
                  | taking damage. [a neqoxec]
  6139 | D:8      | Paralysed by a hornet for 2 turns
  6141 | D:8      | Noticed a sixfirhy
  6145 | D:8      | HP: 2/100 [hornet (12)]
  6145 | D:8      | Mangled by a hornet

Illustrated notes

Levels and vault maps discovered:
D:1:      ncdulo_wetmaze, layout_loops_ring, chequers_ecumenical_altar_lobes
D:2:      layout_basic
D:3:      layout_basic, kennysheep_generic_room_9, uniq_grinder, uniq_robin,
          uniq_sigmund, uniq_terence
D:4:      layout_loops_ring, mainiacjoe_overflow_paths
D:5:      layout_rooms, kennysheep_orc_sif_temple,
          mainiacjoe_overflow_catwalk_spiral,
          minmay_temple_entry_gardened_gates, kennysheep_generic_room_3,
          uniq_edmund
D:6:      layout_basic, mainiacjoe_overflow_small_starburst, serial_undead,
          serial_undead_d, serial_undead_a, serial_undead_a, serial_undead_d
D:7:      layout_cave_pools, vehumet_crystals
D:8:      layout_basic, mainiacjoe_overflow_24_doors, nzn_wu_jian_council_hall,
          hangedman_decor_slide_cut, uniq_erica

Skill      XL: |  1  2  3  4  5  6  7  8  9 |
---------------+----------------------------+-----
Unarmed Combat | 1 2 3 5 7 9 11 12 | 12.0
Fighting       | 6 |  6.6
Dodging        | |  1.5
Stealth        | |  1.0
Spellcasting   | |  1.2
Ice Magic      | |  2.9

Action                   |  1- 3 |  4- 6 |  7- 9 | 10-12 || total
-------------------------+-------+-------+-------+-------++-------
Melee: Unarmed           |   135 |    81 |   260 |    29 ||   505
       Punch             |       |     2 |     5 |       ||     7
  Use: Scroll            |       |       |       |     3 ||     3
 Stab: Sleeping          |     3 |       |     1 |       ||     4
Armor: Robe              |    56 |    19 |    64 |    13 ||   152
Dodge: Dodged            |    48 |    41 |   111 |    26 ||   226
